[Event "*** Titled Tuesday Blitz"]
[Site "Chess.com"]
[Date "2020.04.14"]
[Round "4"]
[White "TudorAnton"]
[Black "VladimirBelous"]
[Result "1-0"]
[WhiteElo "2588"]
[BlackElo "2791"]
[TimeControl "180+1"]
[EndTime "10:38:55 PDT"]
[Termination "TudorAnton won by resignation"]

1. d4 c5 2. d5 g6 3. e4 Bg7 4. Nc3 d6 5. Nf3 Nf6 6. Bb5+ Bd7 7. a4 O-O 8. Bxd7 Nbxd7 9. O-O Re8 10. Re1 Rb8 11.
h3 a6 12. a5 b5 13. axb6 Rxb6 14. Nd2 Nh5 15. Nc4 Rb4 16. Qd3 Qc8 17. g4 Nhf6 18. Bf4 h5 19. f3 Nb6 20. Nxb6 Rxb6 21. b3 hxg4 22. hxg4 Nd7 23. Ra4 Rb4 24. Rxb4 cxb4 25.
Ne2 Ne5 26. Bxe5 Bxe5 27. Kg2 Qc5 28. f4 Bg7 29. Rc1 a5 30. f5 Be5 31. Rh1 Rc8 32. fxg6 fxg6 33. Qh3 Qxc2 34. Qh7+ Kf8 35. Rf1+ Ke8 36.
Qxg6+ Kd7 37. Qf5+ Kd8 38. Rf2 Kc7 39. Nd4 Qc3 40.
Nb5+ 1-0

[Event "*** Titled Tuesday Blitz"]
[Site "Chess.com"]
[Date "2020.04.14"]
[Round "4"]
[White "Gentlejimmy7"]
[Black "VALPARAISO37"]
[Result "1/2-1/2"]
[WhiteElo "2632"]
[BlackElo "2366"]
[TimeControl "180+1"]
[EndTime "10:38:55 PDT"]
[Termination "Game drawn by repetition"]

1. d4 Nf6 2. g3 d5 3. Bg2 b5 4. b3 Bb7 5. c4 b4 6. Nd2 e6 7.
Bb2 Nbd7 8. Ngf3 a5 9. O-O Bd6 10. a3 c5 11. dxc5 Bxc5 12. cxd5 Bxd5 13. Nc4 O-O 14.
Nfe5 Nxe5 15. Nxe5 Bxg2 16. Kxg2 Qc7 17. Nd3 Qb7+ 18.
Kg1 Be7 19. axb4 axb4 20. Bxf6 Bxf6 21. Rxa8 Rxa8 22. Qd2 Bc3 23. Qf4 f6 24. Qc4 Qd5 25.
Qxd5 exd5 26. Rd1 d4 27. Kg2 Ra3 28. Nc5 Ra2 29. Kf3 Kf7 30. h4 h5 31. Rd3 f5 32.
Rd1 Kf6 33. e3 dxe3 34. fxe3 Rd2 35. Rxd2 Bxd2 36. e4 g5 37. exf5 Kxf5 38. hxg5 Bxg5 39. Nd3 Bd2 40. Nf2 Be1 41. Nd3 Bc3 42. Nf4 Kg5 43.
Ne6+ Kf5 44. Nf4 Kg5 45. Nd5 Be1 46. Nf4 Bc3 1/2-1/2

[Event "*** Titled Tuesday Blitz"]
[Site "Chess.com"]
[Date "2020.04.14"]
[Round "4"]
[White "MattyDPerrine"]
[Black "Semetey"]
[Result "0-1"]
[WhiteElo "2336"]
[BlackElo "2556"]
[TimeControl "180+1"]
[EndTime "10:38:55 PDT"]
[Termination "Semetey won on time"]

1. Nf3 d5 2. c4 e6 3. g3 Nf6 4. Bg2 Be7 5. O-O dxc4 6. Qc2 Nbd7 7. Na3 c5 8. Nxc4 O-O 9. d3 b5 10. Nfe5 Nd5 11. Nc6 Qe8 12. Nxe7+ Qxe7 13. Na5 N7b6 14. a3 e5 15. e4 Nc7 16. Be3 Ne6 17. Rac1 Nd7 18. f4 Ba6 19. Nc6 Qd6 20. Nxe5 Nxe5 21. fxe5 Qxe5 22. Rf5 Qd6 23. e5 Qd8 24. Bxa8 Qxa8 25.
Qf2 Qd5 26. Bxc5 Bb7 27. Kf1 Qxd3+ 28. Kg1 Qd5 29. Kf1 Qh1+ 30. Qg1 Qe4 31. Qf2 Qd3+ 32. Kg1 Ng5 0-1

[Event "*** Titled Tuesday Blitz"]
[Site "Chess.com"]
[Date "2020.04.14"]
[Round "4"]
[White "Haridaskesavan"]
[Black "maxip32"]
[Result "0-1"]
[WhiteElo "2211"]
[BlackElo "2426"]
[TimeControl "180+1"]
[EndTime "10:38:55 PDT"]
[Termination "maxip32 won by resignation"]

1. e4 c5 2. c3 Nf6 3. Bd3 e5 4. Bc2 Nc6 5. d3 d5 6. Nd2 Be7 7.
Ngf3 O-O 8. O-O b6 9. Re1 d4 10. c4 a6 11. Nf1 b5 12. b3 Re8 13. Ng3 g6 14. h3 Bf8 15. Qd2 h6 16. Bd1 Rb8 17.
Be2 bxc4 18. bxc4 Bd7 19. Qd1 Qc7 20. Nh2 Rb7 21. Ng4 Nxg4 22. Bxg4 Bxg4 23. Qxg4 Nb4 24. Qe2 Qa5 25. Rf1 Qa4 26. a3 Nc6 27. f4 exf4 28.
Bxf4 Ne5 29. Rf2 Qb3 30. Bxe5 Rxe5 31. Raf1 Qxa3 32. Qg4 Qxd3 33. Qc8 Rbe7 34. Qxc5 Rxc5 35. e5 Rcxe5 0-1

[Event "*** Titled Tuesday Blitz"]
[Site "Chess.com"]
[Date "2020.04.14"]
[Round "4"]
[White "Gubajdullin"]
[Black "BakaPG"]
[Result "0-1"]
[WhiteElo "2525"]
[BlackElo "2723"]
[TimeControl "180+1"]
[EndTime "10:38:56 PDT"]
[Termination "BakaPG won by checkmate"]

1. d4 d5 2. Bf4 c5 3. e3 Nc6 4. c3 Qb6 5. Qb3 c4 6. Qc2 Nf6 7. Nd2 Bg4 8. e4 e6 9. Be2 Bxe2 10. Nxe2 Be7 11. e5 Nd7 12. h4 O-O 13. Nf3 f6 14. exf6 Bxf6 15. Ng5 Bxg5 16. hxg5 g6 17. O-O-O e5 18.
Be3 Qa5 19. dxe5 Ndxe5 20. Nf4 Qxa2 21. Rxd5 Rxf4 22. Bxf4 Nd3+ 23. Rxd3 cxd3 24. Qxd3 Rd8 25. Qb1 Qc4 26. Be3 Nb4 27. f3 Qe2 28. Qe4 Nd3+ 29. Kb1 Qxb2# 0-1

[Event "*** Titled Tuesday Blitz"]
[Site "Chess.com"]
[Date "2020.04.14"]
[Round "4"]
[White "Tonychess32"]
[Black "bancsoo"]
[Result "0-1"]
[WhiteElo "2538"]
[BlackElo "2760"]
[TimeControl "180+1"]
[EndTime "10:38:57 PDT"]
[Termination "bancsoo won by resignation"]

1. e4 c5 2. Nf3 Nc6 3. c3 Nf6 4. e5 Nd5 5. d4 cxd4 6. cxd4 d6 7. exd6 e6 8. Bd3 Bxd6 9. O-O O-O 10. Nc3 Nf6 11.
Qe2 b6 12. Bg5 Bb7 13. Rad1 Nb4 14. Bb1 Nbd5 15. Ne4 Be7 16. Ng3 h6 17. Bd2 a5 18.
Rfe1 Ba6 19. Bd3 Bxd3 20. Qxd3 Rc8 21. Ne5 Bb4 22. a3 Bxd2 23. Rxd2 Qc7 24. Qf3 Rfd8 25.
h3 b5 26. Rde2 b4 27. axb4 Nxb4 28. Ne4 Nxe4 29. Rxe4 Nc2 30. Rd1 Nxd4 31. Rexd4 Rxd4 32. Rxd4 Qxe5 33. Rd1 Qxb2 34. Qe3 a4 35. Qa7 a3 36.
Kh2 a2 37. g3 g6 38. Kg2 Rc2 39. Rd8+ Kg7 40. Qe3 Rxf2+ 41. Qxf2 Qxf2+ 42. Kxf2 a1=Q 0-1

[Event "*** Titled Tuesday Blitz"]
[Site "Chess.com"]
[Date "2020.04.14"]
[Round "4"]
[White "stefan_95"]
[Black "kikydu96"]
[Result "1-0"]
[WhiteElo "2554"]
[BlackElo "2336"]
[TimeControl "180+1"]
[EndTime "10:38:57 PDT"]
[Termination "stefan_95 won by resignation"]

1. d4 f5 2. Nc3 Nf6 3. Bg5 e6 4. e4 fxe4 5. Nxe4 Be7 6. Bxf6 Bxf6 7. Qh5+ g6 8. Qh6 Qe7 9. Nxf6+ Qxf6 10. O-O-O Nc6 11.
Nf3 Ne7 12. Ne5 d6 13. Ng4 Qf5 14. Ne3 Qf8 15. Qg5 Bd7 16. Bd3 O-O-O 17. f3 Nf5 18. Nxf5 gxf5 19. g3 Rg8 20. Qf4 Qg7 21. Rhe1 Qg5 22. Qxg5 Rxg5 23. f4 Rg6 24. Re2 h5 25.
Rde1 h4 26. d5 exd5 27. Re7 c6 28. Rxd7 Rxd7 29. Bxf5 Kc7 30. Bxg6 1-0

[Event "*** Titled Tuesday Blitz"]
[Site "Chess.com"]
[Date "2020.04.14"]
[Round "4"]
[White "YumiBear"]
[Black "Embrujada"]
[Result "1-0"]
[WhiteElo "2525"]
[BlackElo "2320"]
[TimeControl "180+1"]
[EndTime "10:38:57 PDT"]
[Termination "YumiBear won by resignation"]

1. d4 Nf6 2. c4 d6 3. Nf3 g6 4. g3 Bf5 5. Bg2 Bg7 6. O-O O-O 7. Nc3 Nc6 8. Nh4 Bd7 9. b3 e5 10. d5 Ne7 11. e4 a6 12. Qd3 b5 13. cxb5 axb5 14.
Nxb5 Nxe4 15. Bxe4 f5 16. Nc3 fxe4 17. Nxe4 Nf5 18.
Bg5 Qb8 19. Qd2 Nd4 20. Bh6 Bf5 21. Bxg7 Kxg7 22. Ng5 Qb5 23. Nxf5+ Rxf5 24. Ne6+ Nxe6 25. dxe6 Qe8 26. Rac1 Rc8 27. Qd5 Kf6 28. f4 exf4 29. Qd4+ Re5 30. gxf4 1-0

[Event "*** Titled Tuesday Blitz"]
[Site "Chess.com"]
[Date "2020.04.14"]
[Round "4"]
[White "WinningButNotReally"]
[Black "Treacherous_horse64"]
[Result "1-0"]
[WhiteElo "2425"]
[BlackElo "2210"]
[TimeControl "180+1"]
[EndTime "10:38:57 PDT"]
[Termination "WinningButNotReally won by resignation"]

1. Nf3 Nf6 2. c4 e6 3. Nc3 d5 4. g3 dxc4 5. e4 c5 6. Bxc4 a6 7. a4 b6 8. O-O Bb7 9. Re1 Be7 10. d4 cxd4 11. Nxd4 Nc6 12. Nxc6 Bxc6 13. Be3 Qc7 14.
Qb3 Nd7 15. Bf4 Qb7 16. Qc2 O-O 17. Bf1 Rac8 18. Bg2 b5 19. axb5 axb5 20. Qd2 Nc5 21.
f3 Nb3 22. Qe2 Nxa1 23. Rxa1 Ra8 24. Rd1 Bc5+ 25. Be3 Bxe3+ 26. Qxe3 Rfd8 27. Rc1 Qa7 28.
Qxa7 Rxa7 29. Ne2 Be8 30. Rc2 Rad7 31. Bf1 Rd2 32. Rc7 Rxb2 33. Nc3 b4 34. Nb5 Bxb5 35. Bxb5 b3 36. e5 Rc2 37. Rb7 b2 38. Bf1 Rd1 39. Rb8+ 1-0

[Event "*** Titled Tuesday Blitz"]
[Site "Chess.com"]
[Date "2020.04.14"]
[Round "4"]
[White "OhanyanEminChess"]
[Black "AsaHoffmann"]
[Result "1-0"]
[WhiteElo "2547"]
[BlackElo "2313"]
[TimeControl "180+1"]
[EndTime "10:38:58 PDT"]
[Termination "OhanyanEminChess won by checkmate"]

1. e4 d6 2. d4 Nf6 3. Nc3 c6 4. f4 Qa5 5. Bd3 e5 6. Nf3 exd4 7. Nxd4 Qb6 8. Nf3 Be7 9. Qe2 O-O 10. Rb1 Bg4 11. Be3 Qc7 12. h3 Bxf3 13. Qxf3 Nbd7 14. g4 Ne8 15. g5 g6 16. h4 Ng7 17. h5 Nxh5 18. Rxh5 gxh5 19. Qxh5 Rfe8 20. e5 Nf8 21. f5 dxe5 22. f6 Ng6 23. fxe7 Qa5 24. Kf1 e4 25. Nxe4 Qf5+ 26. Kg2 Qd5 27. Kg1 Rxe7 28. Nf6+ Kf8 29. Qh6# 1-0

[Event "*** Titled Tuesday Blitz"]
[Site "Chess.com"]
[Date "2020.04.14"]
[Round "4"]
[White "atbenina64"]
[Black "Olga_Zhuravleva"]
[Result "1-0"]
[WhiteElo "2518"]
[BlackElo "2226"]
[TimeControl "180+1"]
[EndTime "10:38:58 PDT"]
[Termination "atbenina64 won by resignation"]

1. Nf3 Nf6 2. c4 e6 3. e3 b6 4. Nc3 Bb7 5. b3 c5 6. Bb2 d6 7.
g3 Nbd7 8. Bg2 Be7 9. O-O O-O 10. Qe2 a6 11. Rfd1 Qc7 12. Rac1 Rac8 13. Ne1 Rfe8 14.
f4 h6 15. g4 Bxg2 16. Nxg2 Nh7 17. h4 Qc6 18. g5 hxg5 19. hxg5 Nhf8 20. Qg4 f5 21. Qh5 b5 22. Ne2 e5 23. Ng3 g6 24.
Qh6 Kf7 25. Nh4 d5 26. fxe5 dxc4 27. e6+ Kxe6 28. Nxg6 Nf6 29. gxf6 Bxf6 30. Bxf6 Nxg6 31. Qxg6 Rg8 32. Qxf5+ Kf7 33. Bg5+ Ke8 34. Rf1 Rc7 35. Rf3 Rcg7 36. Ne4 Rxg5+ 37. Nxg5 Rxg5+ 38. Qxg5 Qxf3 39. Qg2 Qf6 40. Rf1 1-0

[Event "*** Titled Tuesday Blitz"]
[Site "Chess.com"]
[Date "2020.04.14"]
[Round "4"]
[White "vladimirdamjanovic"]
[Black "EvgenyRomanov"]
[Result "1-0"]
[WhiteElo "2541"]
[BlackElo "2249"]
[TimeControl "180+1"]
[EndTime "10:38:59 PDT"]
[Termination "vladimirdamjanovic won by resignation"]

1. d4 d5 2. c4 dxc4 3. e3 b5 4. a4 b4 5. Bxc4 e6 6. Nf3 Nf6 7.
O-O Be7 8. Nbd2 Bb7 9. b3 O-O 10.
Bb2 Nbd7 11. Qe2 c5 12. Rfd1 Rc8 13. Rac1 cxd4 14. Nxd4 Nc5 15. e4 Qb6 16. e5 Nd5 17. Qg4 Rfd8 18. Ba1 Nc3 19. Bxc3 bxc3 20. Rxc3 Bf8 21.
Rg3 a6 22. h4 Bd5 23. h5 Qb8 24. h6 g6 25. Qf4 Bxc4 26. Nxc4 Nxa4 27. Nd6 Rxd6 28.
exd6 Bxd6 29. Qf6 Be5 30. Qh4 Nb2 31. Nc6 Bxg3 32. fxg3 Qb6+ 33. Kh2 Qe3 34. Rd8+ 1-0

[Event "*** Titled Tuesday Blitz"]
[Site "Chess.com"]
[Date "2020.04.14"]
[Round "4"]
[White "mc4chess"]
[Black "GracefulYear"]
[Result "0-1"]
[WhiteElo "2364"]
[BlackElo "2689"]
[TimeControl "180+1"]
[EndTime "10:38:59 PDT"]
[Termination "GracefulYear won on time"]

1. e4 c6 2. d4 d5 3. Nc3 dxe4 4. Nxe4 Bf5 5. Ng3 Bg6 6. Nf3 Nd7 7. h4 h6 8. h5 Bh7 9. Bd3 Bxd3 10. Qxd3 e6 11. Bd2 Ngf6 12. O-O-O Qc7 13. Kb1 Bd6 14. Ne4 Nxe4 15. Qxe4 Nf6 16. Qe2 O-O-O 17. g4 Bf4 18. Rhg1 Kb8 19. Bxf4 Qxf4 20. Qe5+ Qxe5 21. Nxe5 Rhf8 22.
Rg3 Ne4 23. Rf3 f6 24. Ng6 Rf7 25. c3 Rfd7 26. Kc2 c5 27. Re1 Ng5 28. Rd3 cxd4 29. f4 Nf7 30. Rxe6 dxc3 31. Rxc3 Nd6 32. Kb3 Nb5 33. Rce3 Nd4+ 34. Kc4 Nxe6 35. Rxe6 Rd3 36. Re7 R3d4+ 37. Kc3 R4d7 38. Re6 Rc7+ 39. Kb3 b5 40. a3 Kb7 41. Nh4 a5 42. Nf5 Rd2 43. a4 bxa4+ 44.
Kxa4 Rxb2 45. Ne3 Rc1 46. Ka3 Rb4 0-1

[Event "*** Titled Tuesday Blitz"]
[Site "Chess.com"]
[Date "2020.04.14"]
[Round "4"]
[White "HashtagChess"]
[Black "ApacheSVD"]
[Result "0-1"]
[WhiteElo "1640"]
[BlackElo "2375"]
[TimeControl "180+1"]
[EndTime "10:38:59 PDT"]
[Termination "ApacheSVD won by resignation"]

1. e4 c5 2. Nf3 d6 3. d4 cxd4 4. Nxd4 Nf6 5. Nc3 g6 6. Be3 Bg7 7. Qd2 O-O 8. O-O-O Ng4 9. Bg5 h6 10. h3 Nxf2 11. Bxe7 Qxe7 12. Qxf2 Nc6 13. Nxc6 bxc6 14. Qg3 Be5 15. Qd3 Rb8 16. Be2 Qg5+ 17. Kb1 Ba6 18. Qxa6 Rxb2+ 19. Kxb2 Rb8+ 20. Ka3 Bxc3 21. Rb1 Qc5+ 22. Ka4 Rb4+ 0-1

[Event "*** Titled Tuesday Blitz"]
[Site "Chess.com"]
[Date "2020.04.14"]
[Round "4"]
[White "dragos420"]
[Black "Alexandercs432"]
[Result "1-0"]
[WhiteElo "2507"]
[BlackElo "2126"]
[TimeControl "180+1"]
[EndTime "10:39:00 PDT"]
[Termination "dragos420 won on time"]

1. e4 e5 2. Nf3 Nf6 3. Nxe5 d6 4.
Nf3 Nxe4 5. Bd3 d5 6. O-O Be7 7. Re1 Bf5 8. Nc3 Nxc3 9. dxc3 Bxd3 10. Qxd3 c6 11. Bg5 f6 12. Bf4 O-O 13. Re2 Bd6 14. Bxd6 Qxd6 15. Rae1 Nd7 16. Re6 Qf4 17. g3 Qh6 18. Qf5 Qg6 19. Qf4 Rae8 20. Qd6 Nb6 21. Re7 Nc4 22. Qe6+ Kh8 23. Rxe8 Rxe8 24. Qxe8+ 1-0

[Event "*** Titled Tuesday Blitz"]
[Site "Chess.com"]
[Date "2020.04.14"]
[Round "4"]
[White "DenishevM"]
[Black "onnoelgersma"]
[Result "1-0"]
[WhiteElo "2615"]
[BlackElo "2356"]
[TimeControl "180+1"]
[EndTime "10:39:00 PDT"]
[Termination "DenishevM won by resignation"]

1. d4 d5 2. c4 e6 3. Nf3 Nf6 4. g3 dxc4 5. Bg2 a6 6. O-O Nc6 7. a4 Rb8 8. e3 b5 9. axb5 axb5 10. b3 cxb3 11. Qxb3 Be7 12. Nc3 b4 13. Na4 O-O 14.
Bb2 Na5 15. Qc2 Bb7 16. Nc5 Bxc5 17. dxc5 Nc6 18. Ng5 e5 19. Ne4 Nxe4 20. Bxe4 h6 21. Rfd1 Qe7 22. Qc4 Qf6 23. Rd7 Rfc8 24. Rxf7 Qxf7 25.
Bd5 Nd8 26. c6 Ba8 27. Bxe5 Kf8 28. Bxf7 Nxf7 29. Bb2 Rb6 30. Qg4 1-0

[Event "*** Titled Tuesday Blitz"]
[Site "Chess.com"]
[Date "2020.04.14"]
[Round "4"]
[White "Borsuk_Konstantin"]
[Black "zivicd"]
[Result "1-0"]
[WhiteElo "2481"]
[BlackElo "2237"]
[TimeControl "180+1"]
[EndTime "10:39:00 PDT"]
[Termination "Borsuk_Konstantin won by checkmate"]

1. d4 Nf6 2. c4 e6 3. Nc3 Bb4 4. Qc2 c5 5. dxc5 O-O 6. a3 Bxc5 7. Nf3 b6 8. Bg5 h6 9. Bh4 Be7 10. e4 d6 11. O-O-O Ne8 12. Bg3 Bb7 13. e5 d5 14.
cxd5 exd5 15. Bc4 Nc7 16. Kb1 a6 17. Bb3 b5 18. Rd4 Nc6 19. Rg4 b4 20. Ne2 bxa3 21. Nf4 Nb4 22. Qd2 a2+ 23. Ka1 Bc8 24. e6 fxe6 25.
Nh5 g5 26. Rxb4 Bxb4 27. Qxb4 Rb8 28. Qd4 Rxb3 29. Qg7# 1-0

[Event "*** Titled Tuesday Blitz"]
[Site "Chess.com"]
[Date "2020.04.14"]
[Round "4"]
[White "Guenplen"]
[Black "kleinebeer98"]
[Result "1-0"]
[WhiteElo "2945"]
[BlackElo "2707"]
[TimeControl "180+1"]
[EndTime "10:39:01 PDT"]
[Termination "Guenplen won by resignation"]

1. Nf3 Nf6 2. d4 g6 3. Bf4 Bg7 4. e3 c5 5. c3 O-O 6. Be2 b6 7.
h3 Bb7 8. O-O d6 9. Bh2 Nbd7 10.
a4 Qc7 11. Nbd2 Rac8 12. Bd3 Rfd8 13. Qe2 Qb8 14. e4 cxd4 15. cxd4 Qa8 16. e5 dxe5 17.
dxe5 Nd5 18. e6 Nf8 19. exf7+ Kh8 20. Be5 Nf6 21. Rad1 Bd5 22. Rfe1 Bxf7 23. Ne4 Bg8 24. Nfg5 Qd5 25. Bxf6 exf6 26. Ba6 Qa8 27. Bxc8 Qxc8 28. Nd6 Rxd6 29. Rxd6 fxg5 30. Qe7 g4 31. Rd8 Qf5 32. hxg4 Qa5 33. b4 Qxa4 34. Rxf8 Bxf8 35. Qxf8 Qc6 36. Re8 Qc1+ 37. Kh2 Qc7+ 38. f4 Qg7 39. Qxg7+ Kxg7 40. Re7+ Kf6 41. Rxa7 Bc4 42. Rxh7 b5 43. Kg3 g5 44.
Rh6+ 1-0

[Event "*** Titled Tuesday Blitz"]
[Site "Chess.com"]
[Date "2020.04.14"]
[Round "4"]
[White "Poghosyan_Suren"]
[Black "artooon"]
[Result "0-1"]
[WhiteElo "2515"]
[BlackElo "2692"]
[TimeControl "180+1"]
[EndTime "10:39:01 PDT"]
[Termination "artooon won by resignation"]

1. Nf3 Nf6 2. c4 b6 3. g3 Bb7 4. Bg2 e5 5. O-O e4 6. Ne1 Nc6 7. Nc3 Qe7 8. d3 exd3 9. Nxd3 O-O-O 10. Bg5 Qe6 11. Nd5 Qf5 12. Bf4 d6 13. e4 Nxe4 14. g4 Qg6 15. Qa4 h5 16. f3 Nf6 17.
g5 Qxd3 18. Rfd1 Qf5 19. gxf6 gxf6 20. c5 bxc5 21. Ne3 Qd7 22. Qc4 Ne5 23. Qf1 Rg8 24. Kh1 Rxg2 25. Nxg2 Nxf3 26. Qf2 Qh3 27. Bg3 h4 28. Rd3 hxg3 29. Qxg3 Qxg3 30. hxg3 Bg7 31. Rxf3 Bxf3 32. Kg1 f5 0-1

[Event "*** Titled Tuesday Blitz"]
[Site "Chess.com"]
[Date "2020.04.14"]
[Round "4"]
[White "lucasran"]
[Black "jerry_77"]
[Result "0-1"]
[WhiteElo "2642"]
[BlackElo "2471"]
[TimeControl "180+1"]
[EndTime "10:39:01 PDT"]
[Termination "jerry_77 won on time"]

1. Nf3 Nf6 2. c4 e6 3. g3 d5 4.
Bg2 Be7 5. O-O O-O 6. b3 d4 7.
e3 c5 8. exd4 cxd4 9. d3 Nc6 10.
Bg5 h6 11. Bxf6 Bxf6 12. a3 a5 13. Nbd2 e5 14. Qc2 Bf5 15. c5 Re8 16. Rfe1 e4 17. Nh4 exd3 18. Rxe8+ Qxe8 19. Qc4 Bxh4 20. gxh4 Qe2 21.
Nf3 Be6 22. Qb5 Qb2 23. Rd1 Qxb3 24. Qxb3 Bxb3 25. Rxd3 Bc4 26. Rd2 Rd8 27. Rb2 Ba6 28. Nd2 Re8 29. Bf3 Ne5 30. Bxb7 Rb8 31. Bxa6 Rxb2 32.
Ne4 d3 33. Kf1 Rb1+ 34. Kg2 Re1 35. Nd6 d2 36. c6 Nxc6 0-1

[Event "*** Titled Tuesday Blitz"]
[Site "Chess.com"]
[Date "2020.04.14"]
[Round "4"]
[White "Beca95"]
[Black "tvjosue"]
[Result "1-0"]
[WhiteElo "2885"]
[BlackElo "2483"]
[TimeControl "180+1"]
[EndTime "10:39:01 PDT"]
[Termination "Beca95 won by resignation"]

1. d4 f5 2. Nf3 Nf6 3. Bg5 e6 4. Nbd2 b6 5. e4 fxe4 6. Nxe4 Be7 7. Bxf6 Bxf6 8. Bd3 Bb7 9. c3 Nc6 10. Qe2 O-O 11.
h4 Ne7 12. O-O-O Rc8 13. Bc2 Nd5 14. g3 Qe8 15. Neg5 h6 16. Qd3 g6 17. Ne4 Bg7 18. h5 Qf7 19. Ned2 Ne7 20. hxg6 Qf6 21. Rh4 Bxf3 22. Rf4 Qxf4 23. gxf4 Bxd1 24. Kxd1 Rxf4 25. f3 Rcf8 26. Qa6 Nc6 27. Qb7 Rh4 28. Qxc7 h5 29. Be4 d5 30. Qxc6 dxe4 31. Nxe4 Rh1+ 32. Kc2 Rg1 33.
Qxe6+ Kh8 34. Nd6 Rg2+ 35. Kb3 Bh6 36. Nf5 Bg7 37. Nxg7 Kxg7 38. Qe7+ 1-0

[Event "*** Titled Tuesday Blitz"]
[Site "Chess.com"]
[Date "2020.04.14"]
[Round "4"]
[White "Onwgs"]
[Black "Ariadna_Atreides"]
[Result "1-0"]
[WhiteElo "2383"]
[BlackElo "2015"]
[TimeControl "180+1"]
[EndTime "10:39:01 PDT"]
[Termination "Onwgs won on time"]

1. e4 c5 2. c3 d5 3. exd5 Qxd5 4. d4 Nf6 5. Nf3 Nc6 6. Be3 Bg4 7. dxc5 Qxd1+ 8.
Kxd1 e5 9. Nd2 O-O-O 10. h3 Bxf3+ 11. gxf3 Nd5 12. Bc4 Nxe3+ 13. fxe3 Bxc5 14. Ke2 f6 15. Rad1 a6 16. Ne4 Be7 17. Rhg1 Rxd1 18. Kxd1 Rd8+ 19. Ke2 g6 20. h4 b5 21. Be6+ Kc7 22. h5 g5 23. Ng3 Bf8 24. Nf5 Ne7 25. Ng3 Nc6 26. Bf5 h6 27. Be4 Ne7 28. Ra1 Rb8 29. Rd1 Bg7 30. Bf5 Nxf5 31. Nxf5 Bf8 32. Rd3 Kc6 33. Ng3 Kc7 34. Kd2 Rd8 35. Rxd8 Kxd8 36. Kd3 Kd7 37. Ke4 Ke6 38. Nf5 a5 39. b3 a4 40. bxa4 bxa4 41.
c4 a3 42. Ng3 Bc5 43. Nf5 Bf8 44. c5 Bxc5 45. Nxh6 Bf8 46. Nf5 Kf7 47. Kd5 1-0

[Event "*** Titled Tuesday Blitz"]
[Site "Chess.com"]
[Date "2020.04.14"]
[Round "4"]
[White "Chess2019Player"]
[Black "Jeffinho023"]
[Result "0-1"]
[WhiteElo "2194"]
[BlackElo "2414"]
[TimeControl "180+1"]
[EndTime "10:39:03 PDT"]
[Termination "Jeffinho023 won by resignation"]

1. e4 c6 2. Nc3 d5 3. Nf3 Bg4 4. h3 Bxf3 5. Qxf3 e6 6. Be2 Nd7 7. O-O Ngf6 8. exd5 cxd5 9. d4 Bd6 10. Bd3 O-O 11.
Ne2 Rc8 12. c3 a6 13. Bg5 h6 14. Bf4 Bxf4 15. Nxf4 b5 16. Rfe1 Qb6 17. a3 a5 18.
Re3 b4 19. axb4 axb4 20. Nh5 Nxh5 21. Qxh5 Nf6 22. Qh4 bxc3 23. bxc3 Qb2 24. Rb1 Qd2 25. Rg3 Kh8 26. Rf3 Rxc3 27. Rxf6 Rxd3 28. Rf4 Kg8 29. Rb7 Qc1+ 30. Kh2 Rd1 31. Rg4 Rh1+ 32. Kg3 Qc3+ 33. f3 Qe1+ 34. Kf4 Qxh4 35. Rxh4 g5+ 36. Kg4 gxh4 37. Kh5 Kg7 0-1

[Event "*** Titled Tuesday Blitz"]
[Site "Chess.com"]
[Date "2020.04.14"]
[Round "4"]
[White "Spriteball"]
[Black "hazy13"]
[Result "0-1"]
[WhiteElo "1896"]
[BlackElo "2203"]
[TimeControl "180+1"]
[EndTime "10:39:03 PDT"]
[Termination "hazy13 won by resignation"]

1. d4 Nf6 2. c4 c6 3. Nc3 d5 4.
Nf3 e6 5. g3 dxc4 6. Bg2 Be7 7.
O-O O-O 8. e4 b5 9. Re1 Bb7 10. b3 b4 11. Na4 c3 12. Qc2 Nbd7 13. Be3 Qa5 14. Rad1 c5 15. e5 Be4 16. Qc1 Ng4 17. dxc5 Bxf3 18. Bxf3 Ndxe5 19. Bxa8 Rxa8 20. Kg2 Qb5 21. f3 Qc6 22. Rf1 Rd8 23. Rxd8+ Bxd8 24. Bf4 Bf6 25. h3 Nd3 26. Qd1 Nxf4+ 0-1

[Event "*** Titled Tuesday Blitz"]
[Site "Chess.com"]
[Date "2020.04.14"]
[Round "4"]
[White "suyu28"]
[Black "Zubrrr"]
[Result "1-0"]
[WhiteElo "2546"]
[BlackElo "2704"]
[TimeControl "180+1"]
[EndTime "10:39:04 PDT"]
[Termination "suyu28 won on time"]

1. d4 f5 2. g3 Nf6 3. Bg2 g6 4. Nf3 Bg7 5. O-O O-O 6. b3 d6 7. Bb2 Qe8 8. c4 e5 9. dxe5 Ng4 10. Nc3 Nxe5 11. Qd2 Nbc6 12. Nd5 Qd8 13. Rfd1 h6 14.
Rac1 Be6 15. Nd4 Nxd4 16. Bxd4 c6 17. Nf4 Bf7 18. Qb2 Qe7 19. Nh3 Bf6 20. e4 fxe4 21. Bxe4 Rae8 22. Re1 g5 23. f4 Ng4 24. Bh7+ Kxh7 25. Rxe7 Bxe7 26. Re1 Bg6 27. fxg5 hxg5 28. Qd2 Kh6 29. Rxe7 1-0

[Event "*** Titled Tuesday Blitz"]
[Site "Chess.com"]
[Date "2020.04.14"]
[Round "4"]
[White "iulik86"]
[Black "Jagerrmeisterr"]
[Result "1/2-1/2"]
[WhiteElo "2522"]
[BlackElo "2682"]
[TimeControl "180+1"]
[EndTime "10:39:05 PDT"]
[Termination "Game drawn by repetition"]

1. d4 f5 2. g3 Nf6 3. Bg2 e6 4. Nf3 d5 5. c4 Bd6 6. b3 c6 7.
O-O Qe7 8. Bb2 b6 9. Qc1 Bb7 10. Ba3 a5 11. Bxd6 Qxd6 12. Qa3 Qxa3 13. Nxa3 Nbd7 14.
Rfc1 Ne4 15. Ne1 Ke7 16. Nd3 Rhc8 17. Rc2 a4 18. b4 c5 19. bxc5 bxc5 20. Nxc5 Ndxc5 21. dxc5 Rxc5 22. Rb1 Bc6 23. cxd5 Rxc2 24. Nxc2 Bxd5 25.
Nb4 Rc8 26. Nxd5+ exd5 27. Bxe4 fxe4 28. Rb7+ Kf6 29. Ra7 Rc2 30. Rxa4 Rxe2 31. Ra6+ Ke5 32. a4 Ra2 33. Ra7 d4 34. Re7+ Kf5 35. Rxg7 d3 36. Rd7 e3 37. fxe3 Ke4 38. Re7+ Kf3 39.
Rf7+ Ke4 40. Re7+ Kf5 41. Rd7 Ke4 42. Re7+ 1/2-1/2

[Event "*** Titled Tuesday Blitz"]
[Site "Chess.com"]
[Date "2020.04.14"]
[Round "4"]
[White "Ba_clbaf_osed_ingo_3v21"]
[Black "poliplaza"]
[Result "1-0"]
[WhiteElo "2580"]
[BlackElo "2369"]
[TimeControl "180+1"]
[EndTime "10:39:05 PDT"]
[Termination "Ba_clbaf_osed_ingo_3v21 won by checkmate"]

1. d4 c5 2. c4 cxd4 3. Nf3 e5 4. e3 dxe3 5. Bxe3 Nc6 6. Nc3 Nf6 7. Be2 Bb4 8. Rg1 d5 9. a3 Bxc3+ 10. bxc3 O-O 11.
Qd2 Be6 12. cxd5 Nxd5 13. Ng5 Nxe3 14. Qxe3 Bf5 15. g4 Bc2 16. Rc1 Ba4 17. h4 g6 18.
h5 Qb6 19. hxg6 fxg6 20. Bc4+ Kh8 21. Rh1 Qxe3+ 22. fxe3 h6 23. Rxh6+ Kg7 24. Rh7+ Kf6 25. Ne4# 1-0

[Event "*** Titled Tuesday Blitz"]
[Site "Chess.com"]
[Date "2020.04.14"]
[Round "4"]
[White "FROGGY64"]
[Black "2008king"]
[Result "0-1"]
[WhiteElo "2363"]
[BlackElo "2031"]
[TimeControl "180+1"]
[EndTime "10:39:05 PDT"]
[Termination "2008king won by resignation"]

1. d4 d5 2. c4 c6 3. Nf3 Nf6 4. Qc2 dxc4 5. e4 e6 6. Bxc4 Nbd7 7. O-O Be7 8. Nc3 O-O 9. Bg5 h6 10. Bf4 b6 11. Rad1 Bb7 12. Rfe1 Rc8 13. h3 Bb4 14. a3 Bxc3 15. bxc3 Qe7 16. Bd3 c5 17. d5 e5 18. Bg3 Ne8 19. c4 Nd6 20. Nh4 g6 21.
Rf1 Kh7 22. Rde1 Rce8 23. Nf3 Kg7 24. Qc3 Kg8 25. Nh2 h5 26. h4 Nf6 27. f4 Nd7 28.
f5 Kh7 29. Qd2 Nf6 30. Nf3 Ng4 31. Ng5+ Kg8 32. fxg6 fxg6 33. Ne6 Rxf1+ 34. Rxf1 Bc8 35. Qh6 Bxe6 36. Qxg6+ Qg7 37. Qxg7+ Kxg7 38. dxe6 Rxe6 39. Rf5 Nxf5 40. exf5 Rd6 41. Be2 Kf6 42. Bf3 Rd2 43. Be4 Rd4 44. Bd5 Kxf5 45. Kf1 Rd1+ 46. Ke2 Ra1 47. Kf3 Rxa3+ 48. Ke2 Rxg3 0-1